 Dungeon Crawl Stone Soup version 0.22-a0-352-gc608dd7 (webtiles) character file.

37 b5mith the Skirmisher (level 3, -7/51 HPs)
             Began as a Minotaur Berserker on Apr 13, 2018.
             Was a Believer of Trog.
             Mangled by Sigmund
             ... wielding a +0 scythe
              (10 damage)
             ... on level 2 of the Dungeon.
             The game lasted 00:01:41 (1024 turns).

b5mith the Skirmisher (Minotaur Berserker)          Turns: 1024, Time: 00:01:42

Health: -7/51      AC:  2    Str: 27    XL:     3   Next: 23%
Magic:  2/2        EV: 12    Int:  4    God:    Trog [**....]
Gold:   44         SH:  0    Dex:  9    Spells: 2/2 levels left

rFire    . . .     SeeInvis .   a - +0 falchion
rCold    . . .     Gourm    .   (no shield)
rNeg     . . .     Faith    .   b - +0 animal skin
rPois    .         Spirit   .   (helmet restricted)
rElec    .         Reflect  .   (no cloak)
rCorr    .         Harm     .   (no gloves)
MR       .....                  (no boots)
Stlth    ..........             (no amulet)
HPRegen  0.17/turn              (no ring)
MPRegen  0.08/turn              (no ring)

@: berserking, very quick
A: retaliatory headbutt, horns 2
a: Berserk, Trog's Hand, Renounce Religion


You were on level 2 of the Dungeon.
You worshipped Trog.
Trog was pleased with you.
You were very hungry.

You visited 1 branch of the dungeon, and saw 2 of its levels.

You collected 44 gold pieces.

Inventory:

Hand Weapons
 a - a +0 falchion (weapon)
Missiles
 j - a throwing net (quivered)
Armour
 b - a +0 animal skin (worn)
Jewellery
 d - an uncursed ring of positive energy {unknown}
   (You found it on level 1 of the Dungeon)
Scrolls
 e - 2 scrolls of teleportation {unknown}
 i - a scroll of identify {unknown}
 k - a scroll of amnesia {unknown}
Potions
 g - a potion of flight {unknown}
 h - a potion of agility {unknown}
 l - 2 potions of invisibility {unknown}
 m - a potion of curing {unknown}
Comestibles
 c - 3 rations
 f - a chunk of flesh


   Skills:
 + Level 4.5 Fighting
 + Level 4.5 Long Blades
 - Level 2.4 Armour
 - Level 2.1 Dodging


You had 2 spell levels left.
You didn't know any spells.

Dungeon Overview and Level Annotations

Branches:
Dungeon (2/15)

Altars:

Annotations:
D:2 Sigmund


Innate Abilities, Weirdness & Mutations

You reflexively headbutt those who attack you in melee.
You have a pair of horns on your head.


Message History

f - 2 chunks of flesh (gained 1)
Found a stone staircase leading down.
Found 16 stones.
e - 2 scrolls labeled ADIDYR HIARUE (gained 1)
There is a stone staircase leading down here.
You see here 16 stones.
HP restored.
You now have 39 gold pieces (gained 7).
Found 15 arrows.
You see here 15 arrows.
Some of the chunks of flesh in your inventory have rotted away.
Found a paperback book.
You see here a book of Maledictions.
You now have 44 gold pieces (gained 5).
A kobold comes into view. It is wielding a dagger.
The kobold shouts!
Found 7 gold pieces.
The kobold hits you with a dagger.
Sigmund the Dreaded comes into view.
He is wielding a scythe.
Sigmund shouts!
You hit the kobold but do no damage. Your headbutt misses the kobold.
Sigmund casts a spell.
Sigmund flickers and vanishes!
Deactivating autopickup; reactivate with Ctrl-A.
The kobold barely misses you.
You closely miss the kobold. Your headbutt misses the kobold.
The kobold hits you but does no damage.
You closely miss the kobold.
You kill the kobold!
Trog accepts your kill.
Something tries to affect you, but you resist.
You see here a dagger.
Something hits you but does no damage.
You hit something. Something hits you.
A kobold comes into view. It is wielding a dagger.
You closely miss something. Something hits you but does no damage.
The kobold throws a stone.
The stone misses you.
You miss something. You miss something. Something hits you.
You closely miss something. Your headbutt misses something. Something hits you.
You hit something. Something hits you!
* * * LOW HITPOINT WARNING * * *
You hit something.
A red film seems to cover your vision as you go berserk!
You feel yourself moving faster!
You feel mighty!
You are feeling very hungry.
Something hits you!
* * * LOW HITPOINT WARNING * * *
You miss something. Something hits you!
You die...

.# .# .# .# .#
.############
............#
(##########.#########
>........$....).@{K.#
.........##.#######...b.
............. ...
#........##.# .
#........##.#
............##
...........#..
#.########.#.# #.# #.#.#
#


You could see a bat and a kobold.

Vanquished Creatures
  An ooze (D:1)
  2 dart slugs (D:1)
  A leopard gecko (D:1)
  3 giant cockroaches (D:1)
  5 goblins
  4 hobgoblins (D:1)
  3 kobolds
  A quokka (D:2)
  2 bats (D:1)
  3 frilled lizards
  A rat (D:2)
26 creatures vanquished.

Notes
Turn   | Place    | Note
-------+----------+-------------------------------------------
     0 | D:1      | b5mith the Minotaur Berserker began the quest for the Orb.
     0 | D:1      | Reached XP level 1. HP: 19/19 MP: 0/0
   103 | D:1      | Reached XP level 2. HP: 9/27 MP: 1/1
   486 | D:1      | Reached ** piety under Trog
   488 | D:1      | Reached XP level 3. HP: 34/34 MP: 2/2
  1010 | D:2      | Noticed Sigmund
  1024 | D:2      | Mangled by Sigmund

Vault maps used:
D:1:      kilobyte_arrival_exit_the_forest
D:2:      uniq_sigmund, uniq_jessica

Skill      XL: |  1 |
---------------+----+-----
Fighting       | 4 |  4.5
Long Blades    | 4 |  4.5
Armour         | |  2.4
Dodging        | |  2.1

Action                   || total
-------------------------++-------
Melee: Falchion          ||    47
       Headbutt          ||    11
Invok: Berserk           ||     1
Armor: Animal skin       ||     6
Dodge: Dodged            ||    26
       Rpst.: Falchion   ||     9

Table legend:
 A = Spawn XP
 B = Non-spawn XP
 C = Spawn XP percentage of total XP
 D = Spawn monster count
 E = Non-spawn monster count
 F = Spawn count percentage of total count
 G = Total turns spent on level
                    A         B        C        D         E        F      G
               +---------+---------+-------+---------+---------+-------+---------
         Total |       0 |      54 |   0.0 |       0 |      26 |   0.0 |  1024
               +---------+---------+-------+---------+---------+-------+---------
           D:1 |       0 |      47 |   0.0 |       0 |      21 |   0.0 |   856
           D:2 |       0 |       7 |   0.0 |       0 |       5 |   0.0 |   168
               +---------+---------+-------+---------+---------+-------+---------
